cohdb
Replays
Latest Replays
All Replays
Popular Replays
Top Player Replays
Match Explorer
How It Works
Community
CoH3 Stats
Reddit
Sign in to upload your games and track your stats! →
Sign in with Steam
Match 41188843
Unlisted
Match 41188843
Overview
Messages
Build Orders
End
Panzergrenadier Squad
Selects Panzerjäger Kommand Battlegroup
Selects Mine Fields
Kradschützen Motorcycle Team
Panzergrenadier Squad
Construct Light Support Kompanie
Panzerjäger Squad
2.5-tonne Medical Truck
MG34 Team
Fire Support Elements
le.IG 18 Mechanized Group
Flakvierling Half-track
Selects Defensive Positions
Selects Tank Busters
le.IG 18 Support Gun Team
Construct Mechanized Kompanie
2.5-tonne Medical Truck
Assault Mechanized Group
DJ-Winter
insane
realnoob
hogarthw
Alex Caesar
Kellock93
chrislim
GregLim
0
0
Comments
sign in to comment!
No comments posted yet!